 Dungeon Crawl Stone Soup version 0.17.0-15-g6d90897 (webtiles) character file.

2590 4thArraOfDagon the Cleaver (level 9, -3/49 HPs)
             Began as a Vine Stalker Berserker on Nov 10, 2015.
             Was a Believer of Trog.
             Engulfed by an ice statue's freezing vapour (17 damage)
             ... on level 11 of the Dungeon.
             The game lasted 00:07:55 (1359 turns).

4thArraOfDagon the Cleaver (Vine Stalker Berserker) Turns: 1359, Time: 00:07:55

Health: -3/49      AC: 13    Str: 22    XL:     9   Next: 58%
Magic:  0/10       EV:  7    Int:  7    God:    Trog [**....]
Gold:   63         SH:  0    Dex: 15    Spells: 0 memorised, 8 levels left

rFire  . . .     SeeInvis +     q - +0 battleaxe
rCold  . . .     Clarity  .     r - +0 plate armour
rNeg   . . .     SustAt   .     (shield currently unavailable)
rPois  .         Gourm    .     b - +0 helmet
rElec  .         Spirit   +     (no cloak)
rCorr  .         Warding  .     (no gloves)
rMut   .         Stasis   .     (no boots)
MR     +....                    (no amulet)
Stlth  ..........               h - ring of see invisible
                                p - ring of stealth

@: somewhat resistant to hostile enchantments, extremely unstealthy
A: fangs 3, regeneration 2, magic shield, antimagic bite, no device heal 3, rot
immunity
a: Berserk, Trog's Hand, Burn Spellbooks, Renounce Religion


You were on level 11 of the Dungeon.
You worshipped Trog.
Trog was pleased with you.
You were not hungry.

You visited 1 branch of the dungeon, and saw 11 of its levels.

You collected 160 gold pieces.
You spent 97 gold pieces at shops.

Inventory:

Hand Weapons
 m - a +0 war axe
 q - a +0 battleaxe (weapon)
Armour
 b - a +0 helmet (worn)
 e - a +0 chain mail
 r - a +0 plate armour (worn)
Jewellery
 h - a ring of see invisible (right hand)
 p - a ring of stealth (left hand)
Wands
 f - a wand of confusion (28)
 i - a wand of magic darts (19)
 l - a wand of digging (6)
Scrolls
 k - 2 scrolls of teleportation {unknown}
 n - a scroll of magic mapping
 o - 3 scrolls of remove curse
 t - a scroll of noise
 u - a scroll of enchant weapon {unknown}
Potions
 a - a potion of curing
 d - a potion of might
Miscellaneous
 g - a plain deck of wonders
Comestibles
 c - a bread ration
 j - a meat ration
 s - 11 chunks of flesh


   Skills:
 + Level 6.3 Fighting
 * Level 8.8 Axes
 + Level 5.4 Armour
 - Level 1.5 Dodging


You had 8 spell levels left.
You didn't know any spells.

Dungeon Overview and Level Annotations

Branches:
Dungeon (11/15)            Temple (0/1) D:6             Orc (0/4) D:11
   Lair: D:8-11

Altars:
Dithmenos
Vehumet

Shops:
D:9 ?

Portals:
Ice
Cave: D:11

Annotations:
D:11 exclusion: ice statue


Innate Abilities, Weirdness & Mutations

You have razor-sharp teeth.
You heal very quickly.
When hurt, damage is shared between your health and your magic reserves.
Your bite disrupts and absorbs the magic of your enemies.
Potions and wands cannot restore your health.
You are immune to rotting.


Message History

Unknown command.
The ice beast hits you but does no damage.
Unknown command.
Unknown command.
The ice statue throws cold at you. The freezing blast engulfs you!
The ice beast barely misses you.
Unknown command.
You are engulfed in freezing vapours.
Unknown command.
Unknown command.
The ice statue throws cold at you. The freezing blast engulfs you!
* * * LOW HITPOINT WARNING * * *
Unknown command.
Unknown command.
Unknown command.
Drink which item? (? for menu, Esc to quit)
Okay, then.
You are engulfed in freezing vapours.
You die...

,,,,,,,,,..####.######.....,,,,,,
*********,,* #K## *.....,,,,,,
*,,* #..# *,....,,,,,, *,,*
###§### *,....,,,,,, *,,* #§.§..#
*,,...,,,,,, *,,* #§§§.§#
*,,,,,,,,,,,
*,,**#§Y8§.#**,,,,,,,,,,,
*,,,*#.§§§.#*,,,,,,,,,,,,
*****#§§@§§#************* #.....#
#######


You could see an ice statue, an ice beast and a kobold.

Vanquished Creatures
  An ugly thing (D:11)
  A cyclops (D:11)
  A two-headed ogre (D:11)
  A deep elf mage (D:11)
  3 yaks (D:11)
  Duvessa (D:4)
  An orc warrior (D:6)
  An ogre (D:7)
  A phantom (D:11)
  3 scorpions
  Dowan (D:4)
  A killer bee (D:11)
  A crimson imp (D:5)
  A hound (D:9)
  2 quasits
  A giant frog skeleton (D:6)
  A jelly (D:9)
  3 iguanas
  4 worker ants
  A hound skeleton (D:4)
  A worker ant zombie (D:5)
  3 adders
  2 gnolls
  A worm (D:5)
  7 orcs (D:6)
  A bat (D:2)
  2 hobgoblins
  A kobold (D:1)
  A quokka (D:7)
  A ball python (D:3)
  A giant newt (D:1)
  2 goblins
  A jackal zombie (D:5)
  4 rats
58 creatures vanquished.

Notes
Turn   | Place    | Note
--------------------------------------------------------------
     0 | D:1      | 4thArraOfDagon the Vine Stalker Berserker began the quest for the Orb.
     0 | D:1      | Reached XP level 1. HP: 11/11 MP: 2/2
    94 | D:2      | Reached skill level 3 in Axes
    94 | D:2      | Reached XP level 2. HP: 12/16 MP: 0/3
   230 | D:4      | Noticed an ogre
   239 | D:4      | Reached XP level 3. HP: 17/20 MP: 4/4
   341 | D:4      | Noticed Duvessa
   346 | D:4      | Reached XP level 4. HP: 24/24 MP: 5/5
   347 | D:4      | Noticed a scorpion
   349 | D:4      | Noticed Dowan
   351 | D:4      | Killed Dowan
   351 | D:4      | Reached skill level 4 in Axes
   351 | D:4      | Reached XP level 5. HP: 25/28 MP: 6/6
   352 | D:4      | Killed Duvessa
   352 | D:4      | Reached ** piety under Trog
   352 | D:4      | Gained mutation: You heal very quickly. [Vine Stalker growth]
   352 | D:4      | Reached XP level 6. HP: 29/33 MP: 7/7
   353 | D:4      | Killed a scorpion
   400 | D:5      | Entered Level 5 of the Dungeon
   470 | D:5      | Found a radiant altar of Vehumet.
   527 | D:5      | Reached skill level 5 in Axes
   579 | D:5      | Found a shadowy altar of Dithmenos.
   666 | D:6      | Reached XP level 7. HP: 28/37 MP: 8/8
   783 | D:6      | Found a staircase to the Ecumenical Temple.
   915 | D:7      | Reached skill level 6 in Axes
  1076 | D:9      | Found Zuedyago's Magic Scroll Emporium.
  1079 | D:9      | Bought a scroll of identify for 30 gold pieces
  1079 | D:9      | Bought a scroll of magic mapping for 52 gold pieces
  1079 | D:9      | Bought a scroll of noise for 15 gold pieces
  1154 | D:9      | Gained mutation: You have razor-sharp teeth. [Vine Stalker growth]
  1154 | D:9      | Reached XP level 8. HP: 36/42 MP: 6/9
  1165 | D:9      | Noticed a deep elf mage
  1169 | D:10     | Entered Level 10 of the Dungeon
  1184 | D:11     | Reached skill level 5 in Fighting
  1185 | D:11     | Reached skill level 7 in Axes
  1222 | D:11     | Noticed a deep elf mage
  1224 | D:11     | Noticed a red ugly thing
  1237 | D:11     | Killed a red ugly thing
  1237 | D:11     | Reached skill level 8 in Axes
  1237 | D:11     | Reached skill level 5 in Armour
  1237 | D:11     | Reached XP level 9. HP: 40/48 MP: 10/10
  1238 | D:11     | Killed a deep elf mage
  1242 | D:11     | Noticed a cyclops
  1254 | D:11     | Noticed a two-headed ogre
  1286 | D:11     | Killed a two-headed ogre
  1288 | D:11     | Killed a cyclops
  1353 | D:11     | Found a frozen archway.
  1353 | D:11     | Noticed an ice statue
  1359 | D:11     | Engulfed by an ice statue's freezing vapour

Action                   |  1- 3 |  4- 6 |  7- 9 || total
-------------------------+-------+-------+-------++-------
Melee: Hand axe          |    28 |    76 |    35 ||   139
       Battleaxe         |       |       |    56 ||    56
Invok: Berserk           |     3 |     2 |     6 ||    11
       Trog's Hand       |       |       |     3 ||     3
  Use: Scroll            |       |     4 |     4 ||     8
       Potion            |       |       |     1 ||     1
  Eat: Chunk             |       |     4 |     4 ||     8
       Bread ration      |       |       |     1 ||     1
       Pizza             |       |       |     1 ||     1
